 Dungeon Crawl Stone Soup version 0.21-a0-321-g91e3373 (webtiles) character file.

5156 Hasart the Martial Artist (level 10, -2/66 HPs)
             Began as an Octopode Transmuter on Sept 30, 2017.
             Was an Initiate of Gozag.
             Slain by a blink frog (10 damage)
             ... on level 1 of the Lair of Beasts.
             The game lasted 00:26:23 (11581 turns).

Hasart the Martial Artist (Octopode Transmuter)    Turns: 11581, Time: 00:26:24

Health: -2/66      AC:  1    Str: 10    XL:     10   Next: 59%
Magic:  13/13      EV: 17    Int: 18    God:    Gozag
Gold:   702        SH:  5    Dex: 13    Spells: 10/13 levels left

rFire    + . .     SeeInvis .     - Unarmed
rCold    . . .     Gourm    .   u - +0 buckler
rNeg     . . .     Faith    .   (helmet restricted)
rPois    .         Spirit   .   (no amulet)
rElec    .         Reflect  .   n - ring of protection from fire
rCorr    .         Harm     .   (no ring)
MR       .....                  (no ring)
Stlth    ++........             (no ring)
HPRegen  0.21/turn              (no ring)
MPRegen  0.13/turn              (no ring)
                                (no ring)
                                (no ring)

@: no status effects
A: almost no armour, stealthy swim, amphibious, 8 rings, constrict 8, camouflage
1, gelatinous body 1
a: Potion Petition, Call Merchant, Bribe Branch, Renounce Religion


You were on level 1 of the Lair of Beasts.
You worshipped Gozag.
Gozag was pleased with you.
You were not hungry.

You visited 2 branches of the dungeon, and saw 10 of its levels.
You also visited: Sewer.

You collected 1702 gold pieces.
You paid 1000 gold pieces to Gozag.

Inventory:

Missiles
 a - 110 arrows
 v - a throwing net (quivered)
Armour
 u - a +0 buckler (worn)
Jewellery
 n - a ring of protection from fire (left tentacle)
Wands
 f - a wand of acid (5/15)
 i - a wand of lightning (0/15)
 q - a wand of disintegration (11/24)
 x - a wand of iceblast (0/15)
 E - a wand of flame (12/48)
Scrolls
 d - 5 scrolls of magic mapping
 e - 6 scrolls of identify
 j - 4 scrolls of fog {unknown}
 k - 2 scrolls of remove curse
 r - a scroll of blinking
 t - a scroll of fear
 w - a scroll of recharging {unknown}
 C - a scroll of vulnerability {unknown}
 D - a scroll of noise {unknown}
Potions
 g - a potion of curing
 m - 2 potions of magic {unknown}
 o - 2 potions of agility {unknown}
 p - 3 potions of brilliance {unknown}
 s - 2 potions of might {unknown}
 z - a potion of invisibility {unknown}
 A - 2 potions of flight {unknown}
 B - a potion of heal wounds
 F - 3 potions of degeneration {unknown}
 G - a potion of lignification
Books
 b - a book of Changes

   Spells                             Type                      Level
   a - Beastly Appendage              Transmutation                1
   b - Sticks to Snakes               Transmutation                2
   c - Spider Form                    Transmutation/Poison         3
   d - Ice Form                       Ice/Transmutation            4
   e - Blade Hands                    Transmutation                5
 y - a book of Conjurations

   Spells                             Type                      Level
   a - Magic Dart                     Conjuration                  1
   b - Searing Ray                    Conjuration                  2
   c - Dazzling Spray                 Conjuration/Hexes            3
   d - Fulminant Prism                Conjuration/Hexes            4
   e - Force Lance                    Conjuration/Translocation    4
   f - Iskenderun's Mystic Blast      Conjuration                  4
Comestibles
 c - 9 bread rations
 h - 4 royal jellies
 l - 15 fruits


   Skills:
 - Level 5.1 Fighting
 + Level 7.3 Dodging
 + Level 4.8 Shields
 + Level 10.3 Unarmed Combat
 - Level 2.0 Spellcasting
 + Level 6.4 Transmutations


You had 10 spell levels left.
You knew the following spells:

 Your Spells              Type           Power        Failure   Level  Hunger
b - Beastly Appendage     Tmut           ###...       1%          1    #......
c - Sticks to Snakes      Tmut           ###.....     1%          2    ###....


Dungeon Overview and Level Annotations

Branches:
Dungeon (9/15)             Temple (0/1) D:4            Lair (1/6) D:9
    Orc: D:9-12

Altars:
Dithmenos
Gozag
Kikubaaqudgha
Nemelex Xobeh
Uskayaw
Vehumet
Xom
Beogh

Shops:
D:6 =   D:8 *

Annotations:
D:8 exclusion: obsidian statue


Innate Abilities, Weirdness & Mutations

You cannot wear most types of armour.
You are very stealthy in the water. (Stealth+)
You are amphibious.
You can wear up to eight rings at the same time.
You can use your tentacles to constrict eight enemies at once.
Your skin changes colour to match your surroundings (Stealth+).
Your rubbery body absorbs attacks. (AC +1, EV +1)


Message History

Unknown command.
You tentacle-slap the blink frog. You squeeze the blink frog.
The blink frog is heavily wounded.
You constrict the blink frog.
The blink frog blinks free!
The blink frog blinks!
You see here a war axe.
The blink frog completely misses you.
The blink frog blinks! x2
You tentacle-slap the blink frog. Your grab misses the blink frog.
The blink frog is severely wounded.
The blink frog blinks!
The blink frog blinks!
The blink frog blinks!
The blink frog hits you!!
The blink frog blinks!
The blink frog blinks!
The blink frog blinks! x2
The blink frog blinks!
You open the door. The blink frog hits you! x2
* * * LOW HITPOINT WARNING * * *
The blink frog hits you!
You die...
Your body crumbles into a pile of gold.

....................####...)≈#
#....................# ##..≈≈#
####...................## #..≈≈##
..##...................# ##..≈##
..##.....######'##.....# #..≈≈###
...#...................###.P≈###.
..#..............#.....##...≈###.
..§#)............'..........###..
.F##....#......F@#..........(##..
F..#...§#..§...F.#.....##.#...#..
..##......#.#P.###.....####..#...
####.............................
.###.............................
...........F.....................
...............................>.
.................................
####.............................


You could see 3 blink frogs.

Vanquished Creatures
  Erica (D:8)
  Pikel (D:4)
  A hippogriff (Lair:1)
  A basilisk (Lair:1)
  A hungry ghost (D:8)
  Grum (D:8)
  3 water moccasins
  A porcupine (Lair:1)
  2 hell hounds (D:9)
  A sky beast (D:8)
  A black bear (D:8)
  Purgy (Sewer)
  2 ogres
  4 wolves (D:8)
  2 centaurs
  A big kobold (D:8)
  2 bullfrogs
  3 scorpions
  6 howler monkeys
  3 wights (D:9)
  An electric eel (D:8)
  2 crimson imps (D:5)
  A centaur zombie (D:8)
  2 hounds
  3 jellies
  A gnoll shaman (D:9)
  5 orc priests
  2 bullfrog skeletons
  2 orc wizards
  Crazy Yiuf (D:4)
  A centaur skeleton (D:6)
  An iguana (D:8)
  7 worker ants
  A hound skeleton (D:6)
  A worker ant zombie (D:6)
  8 adders
  6 gnolls
  3 shadow imps
  3 oozes
  An adder skeleton (D:3)
  2 adder zombies
  3 worms
  A dart slug (D:4)
  2 leopard geckos (D:2)
  9 orcs
  5 giant cockroaches
  7 goblins
  6 hobgoblins
  14 jackals
  4 quokkas
  3 ball pythons
  11 bats
  7 frilled lizards
  2 jackal skeletons
  9 kobolds
  A leopard gecko zombie (D:6)
  3 rats
179 creatures vanquished.

Vanquished Creatures (collateral kills)
  A troll (D:9)
1 creature vanquished.

Vanquished Creatures (others)
  Ijyb (D:4)
  A butterfly (D:4)
2 creatures vanquished.

Grand Total: 182 creatures vanquished

Notes
Turn   | Place    | Note
-------+----------+-------------------------------------------
     0 | D:1      | Hasart the Octopode Transmuter began the quest for the Orb.
     0 | D:1      | Reached XP level 1. HP: 13/13 MP: 3/3
    40 | D:1      | Reached XP level 2. HP: 9/18 MP: 3/5
   478 | D:1      | Reached skill level 4 in Unarmed Combat
   581 | D:1      | Reached XP level 3. HP: 23/23 MP: 6/6
  1433 | D:2      | Found an opulent altar of Gozag.
  1433 | D:2      | Found a sparkling altar of Nemelex Xobeh.
  1442 | D:2      | Became a worshipper of Gozag Ym Sagoz the Greedy
  1721 | D:2      | Reached XP level 4. HP: 28/28 MP: 7/7
  1785 | D:2      | Learned a level 2 spell: Sticks to Snakes
  1963 | D:2      | Reached skill level 5 in Unarmed Combat
  2428 | D:2      | Found a faded altar of an unknown god.
  2827 | D:3      | Reached XP level 5. HP: 29/33 MP: 8/8
  3640 | D:4      | Reached skill level 6 in Unarmed Combat
  3675 | D:4      | Noticed a slave
  3676 | D:4      | Noticed Pikel
  3676 | D:4      | Noticed a slave
  3678 | D:4      | Noticed a slave
  3678 | D:4      | Noticed a slave
  3683 | D:4      | Noticed Ijyb
  3702 | D:4      | Killed Pikel
  3702 | D:4      | Reached skill level 7 in Unarmed Combat
  3702 | D:4      | Reached XP level 6. HP: 42/42 MP: 9/9
  3702 | D:4      | Reached XP level 7. HP: 46/46 MP: 10/10
  3734 | D:4      | Killed Ijyb
  4072 | D:4      | Found a staircase to the Ecumenical Temple.
  4349 | D:4      | Found a runed door.
  4352 | D:4      | Got an ebony mace
  4353 | D:4      | Identified the cursed +3 mace of Usegotol {crush, *Corrode rElec Str+2} (You found it on level 4 of the Dungeon)
  4360 | D:4      | Noticed Crazy Yiuf
  4457 | D:4      | Killed Crazy Yiuf
  4640 | D:5      | Entered Level 5 of the Dungeon
  4876 | D:5      | Reached XP level 8. HP: 53/53 MP: 11/11
  4883 | D:5      | Found a shadowy altar of Dithmenos.
  4891 | D:5      | Found a hide-covered altar of Uskayaw.
  4893 | D:5      | Found an ancient bone altar of Kikubaaqudgha.
  4895 | D:5      | Found a radiant altar of Vehumet.
  5546 | D:6      | Reached skill level 8 in Unarmed Combat
  5745 | D:6      | Found a glowing drain.
  5756 | Sewer    | Entered a sewer
  5786 | Sewer    | Noticed Purgy
  5823 | Sewer    | Killed Purgy
  6370 | D:6      | Reached skill level 5 in Dodging
  6370 | D:6      | Reached XP level 9. HP: 44/60 MP: 12/12
  6371 | D:6      | Reached skill level 5 in Fighting
  6919 | D:7      | Reached skill level 9 in Unarmed Combat
  7458 | D:7      | Found a transporter.
  7464 | D:7      | Found a roughly hewn altar of Beogh.
  7844 | D:7      | Found a shimmering altar of Xom.
  8241 | D:8      | Noticed Grum
  8255 | D:8      | Reached skill level 1 in Shields
  8260 | D:8      | Killed Grum
  8691 | D:8      | Noticed Erica
  8764 | D:8      | Killed Erica
  8764 | D:8      | Reached skill level 5 in Transmutations
  8959 | D:8      | Reached XP level 10. HP: 21/66 MP: 13/13
  9330 | D:8      | Found Elasepsofu's Elemental Accessories.
 10004 | D:8      | Noticed an obsidian statue
 10273 | D:9      | Reached skill level 10 in Unarmed Combat
 10721 | D:9      | Found a staircase to the Lair.
 11212 | Lair:1   | Entered Level 1 of the Lair of Beasts
 11546 | Lair:1   | Noticed a six-headed hydra
 11581 | Lair:1   | Slain by a blink frog

Vault maps used:
D:1:      dpeg_arrival_chase
D:2:      grunt_temple_overflow_opulence, chequers_ecumenical_altar_lobes,
          first_bread
D:3:      serial_undead, serial_undead_b, serial_undead_e, serial_undead_e,
          serial_undead_f
D:4:      minmay_temple_entry_butterflies, eino_tiny_chamber,
          due_unseen_surprise, uniq_crazy_yiuf_cottage, uniq_pikel, uniq_ijyb
D:5:      minitemple
D:6:      portal_sewer_entry_d
D:7:      gammafunk_beogh_shrine, basic_altar
D:8:      statuecave_lemuel, blue_anna_alchemist, nicolae_elemental_shop,
          uniq_grum, uniq_erica
D:9:      minmay_lair_entry_lava, minmay_misc_feat_plants
Lair:1:   cheibrodos_lair_caveside_slide
Sewer:    sewer_co_purgy_island

Skill      XL: |  1  2  3  4  5  6  7  8  9 10 |
---------------+-------------------------------+-----
Unarmed Combat | 4 5 7 8 9 10 | 10.3
Fighting       | 3 4 5 |  5.1
Dodging        | 3 4 5 6 7 |  7.3
Transmutations | 3 5 6 |  6.4
Shields        | 3 4 |  4.8
Spellcasting   | |  2.0

Action                   |  1- 3 |  4- 6 |  7- 9 | 10-12 || total
-------------------------+-------+-------+-------+-------++-------
Melee: Unarmed           |    72 |   121 |   217 |   150 ||   560
       Kick              |     5 |       |     4 |       ||     9
       Constrict         |    20 |    23 |    47 |    28 ||   118
       Tentacles         |    11 |    15 |    40 |    31 ||    97
       Punch             |       |     3 |    14 |     6 ||    23
 Cast: Beastly Appendage |     5 |       |     1 |       ||     6
       Sticks to Snakes  |       |       |    10 |     5 ||    15
Invok: Call Merchant     |       |       |     1 |       ||     1
       Potion Petition   |       |       |     1 |     1 ||     2
Evoke: Wand              |       |       |    15 |     2 ||    17
  Use: Potion            |       |     2 |     5 |       ||     7
       Scroll            |       |       |    13 |     1 ||    14
 Stab: Sleeping          |     3 |     9 |     5 |     3 ||    20
       Distracted        |       |       |     1 |     3 ||     4
  Eat: Chunk             |     2 |       |       |       ||     2
       Meat ration       |       |     2 |     3 |       ||     5
       Royal jelly       |       |       |     1 |     1 ||     2
       Fruit             |       |       |       |    15 ||    15
Armor: Skin              |     4 |    33 |     5 |     3 ||    45
Dodge: Dodged            |    55 |    58 |   139 |    67 ||   319
Block: Buckler           |       |       |    10 |    18 ||    28

Table legend:
 A = Spawn XP
 B = Non-spawn XP
 C = Spawn XP percentage of total XP
 D = Spawn monster count
 E = Non-spawn monster count
 F = Spawn count percentage of total count
 G = Total turns spent on level
                    A         B        C        D         E        F      G
               +---------+---------+-------+---------+---------+-------+---------
         Total |       0 |    7367 |   0.0 |       0 |     180 |   0.0 | 11581
               +---------+---------+-------+---------+---------+-------+---------
           D:1 |       0 |      39 |   0.0 |       0 |      14 |   0.0 |   934
           D:2 |       0 |      82 |   0.0 |       0 |      29 |   0.0 |  1576
           D:3 |       0 |      75 |   0.0 |       0 |      18 |   0.0 |   739
           D:4 |       0 |     789 |   0.0 |       0 |      17 |   0.0 |  1391
           D:5 |       0 |     512 |   0.0 |       0 |      14 |   0.0 |   893
           D:6 |       0 |     870 |   0.0 |       0 |      21 |   0.0 |  1214
           D:7 |       0 |     193 |   0.0 |       0 |       2 |   0.0 |  1144
           D:8 |       0 |    2762 |   0.0 |       0 |      31 |   0.0 |  2074
           D:9 |       0 |    1067 |   0.0 |       0 |      21 |   0.0 |  1082
        Lair:1 |       0 |     841 |   0.0 |       0 |       5 |   0.0 |   369
         Sewer |       0 |     137 |   0.0 |       0 |       8 |   0.0 |   165
               +---------+---------+-------+---------+---------+-------+---------
